 Dungeon Crawl Stone Soup version 0.29-a0-330-g52719c12eb (webtiles) character file.

Game seed: 11825139633355232998

108 kae the Firebug (level 4, -2/28 HPs)
             Began as an Octopode Fire Elementalist on Apr 15, 2022.
             Slain by Ijyb
             ... wielding a +0 dagger
              (3 damage)
             ... on level 3 of the Dungeon.
             The game lasted 00:01:41 (3953 turns).

kae the Firebug (Octopode Fire Elementalist)        Turns: 3953, Time: 00:01:42

Health: -2/28      AC:  1    Str: 21    XL:     4   Next: 87%
Magic:  0/7        EV: 13    Int: 19    God:
Gold:   181        SH:  0    Dex: 12    Spells: 1/7 levels left

rFire   . . .      SeeInvis .   f - +2 whip (flame)
rCold   . . .      Faith    .   (no shield)
rNeg    . . .      Spirit   .   b - +0 hat "Zeagoskib" {Str+8}
rPois   .          Reflect  .   (no amulet)
rElec   .          Harm     .   i - +6 ring of strength
rCorr   .          Rampage  .   (no ring)
Will    .....                   (no ring)
Stlth   +++.......              (no ring)
HPRegen 0.09/turn               (no ring)
MPRegen 0.10/turn               (no ring)
                                (no ring)
                                (no ring)

@: attractive
A: almost no armour, amphibious, 8 rings, camouflage 1, gelatinous body 1,
(nimble swimmer 1), tentacles
a: no special abilities


You were on level 3 of the Dungeon.
You visited 1 branch of the dungeon, and saw 3 of its levels.

You collected 181 gold pieces.

Inventory:

Hand Weapons
 f - a +2 whip of flaming (weapon)
Missiles
 n - a throwing net
Armour
 b - the +0 hat "Zeagoskib" (worn) {Str+8}
   (You acquired it on level 2 of the Dungeon)

   Str:       It affects your strength (+8).
Jewellery
 i - a +6 ring of strength (left tentacle)
Scrolls
 d - 2 scrolls of fear {unknown}
 g - a scroll of magic mapping
 h - a scroll of immolation {unknown}
 j - a scroll of teleportation
 k - 2 scrolls of identify {unknown}
 l - a scroll of enchant weapon {unknown}
 m - a scroll of enchant armour {unknown}
 o - a scroll of fog {unknown}
 p - a scroll of brand weapon {unknown}
Potions
 a - a potion of magic
 c - a potion of attraction
 e - a potion of haste {unknown}


   Skills:
 + Level 1.2 Fighting
 + Level 2.6 Dodging
 + Level 3.4 Stealth
 + Level 2.4 Spellcasting
 + Level 1.7 Conjurations
 * Level 3.9 Fire Magic


You had one spell level left.
You knew the following spells:

 Your Spells              Type           Power      Damage    Failure   Level
a - Foxfire               Conj/Fire      52%        2x1d6     4%          1
b - Scorch                Fire           34%        2d7       4%          2
c - Conjure Flame         Conj/Fire      13%        6-21      16%         3

Your spell library contained the following spells:

 Spells                   Type           Power      Damage    Failure   Level
 Beastly Appendage        Tmut           4%         N/A       16%         1
 Inner Flame              Hex/Fire       9%         N/A       22%         3
 Wereblood                Tmut           2%         N/A       24%         2
 Tukima's Dance           Hex            2%         N/A       43%         3
 Flame Wave               Conj/Fire      13%        2d6       45%         4
 Fireball                 Conj/Fire      6%         3d5       80%         5
 Anguish                  Hex/Necr       1%         N/A       85%         4
 Enfeeble                 Hex            1%         N/A       100%        7


Dungeon Overview and Level Annotations

Branches:
Dungeon (3/15)

Altars:
Qazlal

Annotations:
D:3 Ijyb


Innate Abilities, Weirdness & Mutations

You cannot wear most types of armour.
You are amphibious.
You can wear up to eight rings at the same time.
Your skin changes colour to match your surroundings (Stealth+).
Your rubbery body absorbs attacks. (AC +1, EV +1)
((You are camouflaged when in or above water. (Stealth+)))
You have tentacles for arms and can constrict up to eight enemies at once.


Message History

The foxfire hits something but does no damage.
Something hits you.
Casting: Foxfire (safe; 4% risk of failure)
Confirm with . or Enter, or press ? or * to list all spells.
You conjure some foxfire!
Something barely misses you.
The foxfire hits something but does no damage. x2
You hear a zap.
Something tries to affect you, but you resist.
Casting: Foxfire (safe; 4% risk of failure)
Confirm with . or Enter, or press ? or * to list all spells.
You conjure some foxfire!
Something barely misses you.
The foxfire hits something.
The foxfire hits something but does no damage.
Something hits you.
Casting: Foxfire (safe; 4% risk of failure)
Confirm with . or Enter, or press ? or * to list all spells.
You conjure some foxfire!
You hear a zap.
You suddenly lose the ability to move!
The foxfire hits something.
The foxfire hits something but does no damage.
Something hits you. Something hits you.
You can move again.
Something completely misses you.
Unknown command.
Unknown command.
Unknown command.
You barely miss something. Your squeeze misses something. Something hits you.
You miss something.
Your tentacle-slap misses something.
Your squeeze misses something. Something hits you.
* * * LOW HITPOINT WARNING * * *
Something hits you.
* * * LOW HITPOINT WARNING * * *
It was a potion of attraction.
You feel attractive to monsters. Something hits you.
* * * LOW HITPOINT WARNING * * *
You barely miss something. Your squeeze misses something. Something hits you.
You die...

##############
.............#
.###########.#
.###########.#
.##.......##.#
.##....(..##.###########
..'.............@.......
.##........#.###{#######
.##........#.# #'#
.##........#)# ...
.##........#.#.....
.##........#.#=.....
.##........#.#..†....
.#########.#.#........
## #.#<#.....####


There were no monsters in sight!

Vanquished Creatures
  4 adders
  3 dart slugs (D:1)
  A worm (D:2)
  4 orcs (D:3)
  3 bats (D:1)
  3 endoplasms
  4 giant cockroaches
  3 goblins
  8 hobgoblins
  3 jackals (D:1)
  4 quokkas
  6 ball pythons
  4 frilled lizards
  3 kobolds
  6 rats
59 creatures vanquished.

Vanquished Creatures (others)
  129 foxfires
129 creatures vanquished.

Grand Total: 188 creatures vanquished

Notes
Turn   | Place    | Note
-------+----------+-------------------------------------------
     0 | D:1      | kae the Octopode Fire Elementalist began the quest for the
                  | Orb.
     0 | D:1      | Reached XP level 1. HP: 11/11 MP: 3/3
   159 | D:1      | Found a faded altar of an unknown god.
   343 | D:1      | Reached XP level 2. HP: 11/18 MP: 1/5
   652 | D:1      | Got Sif Muna's Volume of Igneous Shape Shifting
  1068 | D:1      | Reached XP level 3. HP: 22/22 MP: 4/6
  1071 | D:1      | Learned a level 2 spell: Scorch
  1075 | D:1      | Learned a level 3 spell: Conjure Flame
  2210 | D:2      | Found a stormy altar of Qazlal.
  2589 | D:2      | Reached XP level 4. HP: 15/27 MP: 7/7
  2592 | D:2      | Reached skill level 1 in Fighting
  2883 | D:2      | Identified a scroll of acquirement
  2883 | D:2      | Acquired the +0 hat "Zeagoskib" {Str+8}
  3930 | D:3      | Noticed Ijyb
  3946 | D:3      | Paralysed by something for 3 turns
  3952 | D:3      | HP: 1/28 [something (2)]
  3953 | D:3      | Slain by Ijyb

Illustrated notes

Levels and vault maps discovered:
D:1:      dpeg_arrival_arbitrary_a, layout_loops_corners,
          ebering_ecumenical_altar_hall
D:2:      layout_loops_cross, basic_altar, serial_co_window_serial,
          co_window_corner_a, co_window_paths_b, co_window_paths_a,
          co_window_paths_a, co_window_corner_a, co_window_corner_cb,
          co_window_2corner, co_window_corner_b, co_window_4corner_a,
          glass_columns_b, glass_columns_c, glass_columns_b, glass_columns_b,
          glass_columns_a, minmay_fractal_squares_gapless_5
D:3:      layout_basic, grunt_ministairs_10, uniq_ijyb

Skill      XL: |  1  2  3  4 |
---------------+-------------+-----
Stealth        | 3 |  3.4
Fighting       | 1 |  1.2
Dodging        | |  2.6
Spellcasting   | |  2.4
Conjurations   | |  1.7
Fire Magic     | |  3.9

Action                   |  1- 3 |  4- 6 || total
-------------------------+-------+-------++-------
Melee: Unarmed           |    30 |       ||    30
       Tentacles         |    15 |       ||    15
       Constrict         |    12 |     2 ||    14
       Whip              |    15 |    17 ||    32
 Cast: Foxfire           |    59 |    22 ||    81
       Scorch            |       |     7 ||     7
  Use: Scroll            |       |     5 ||     5
       Potion            |       |     1 ||     1
 Stab: Sleeping          |     2 |       ||     2
Armor: Skin              |     5 |       ||     5
Dodge: Dodged            |    29 |    16 ||    45

Table legend: (Time is in decaauts)
 A = Elapsed time spent in this place.
 B = Non-inter-level travel time spent in this place.
 C = Inter-level travel time spent in this place.
 D = Time resting spent in this place.
 E = Time spent auto-exploring this place.
 F = Levels seen in this place.
 G = Mean time per level.
                   A        B        C        D        E       F      G
               +--------+--------+--------+--------+--------+-----+--------+
         Total |   3954 |   3824 |    130 |    307 |   3093 |   3 | 1318.0 |
       Dungeon |   3954 |   3824 |    130 |    307 |   3093 |   3 | 1318.0 |
               +--------+--------+--------+--------+--------+-----+--------+

Top non-repeatable levels by time:
     D:1: 1954 daAuts
     D:3: 1044 daAuts
     D:2: 955 daAuts
